 Dungeon Crawl Stone Soup version 0.28-a0-529-g3bad584f25 (webtiles) character file.

Game seed: 10186639369856746281

250 omnomnOMINOUS the Skirmisher (level 6, -1/45 HPs)
             Began as an Octopode Wanderer on Sept 24, 2021.
             Slain by an ogre (26 damage)
             ... on level 4 of the Dungeon.
             The game lasted 00:04:35 (3797 turns).

omnomnOMINOUS the Skirmisher (Octopode Wanderer)    Turns: 3797, Time: 00:04:35

Health: -1/45      AC:  1    Str: 10    XL:     6   Next: 13%
Magic:  9/9        EV: 14    Int: 16    God:
Gold:   127        SH:  0    Dex: 13    Spells: 7/9 levels left

rFire   . . .      SeeInvis .   a - +2 falchion
rCold   . . .      Faith    .   (no shield)
rNeg    . . .      Spirit   .   (helmet restricted)
rPois   .          Reflect  .   (no amulet)
rElec   .          Harm     .   (no ring)
rCorr   .          Rampage  .   (no ring)
Will    .....                   (no ring)
Stlth   +++.......              (no ring)
HPRegen 0.15/turn               (no ring)
MPRegen 0.11/turn               (no ring)
                                (no ring)
                                (no ring)

@: no status effects
A: almost no armour, amphibious, 8 rings, camouflage 1, gelatinous body 1,
(nimble swimmer 1), tentacles
a: no special abilities


You were on level 4 of the Dungeon.
You visited 1 branch of the dungeon, and saw 4 of its levels.

You collected 127 gold pieces.

Inventory:

Hand Weapons
 a - a +2 falchion (weapon)
 b - a +4 hunting sling
 c - a +0 dagger
 r - a +0 spear
Missiles
 e - 40 sling bullets
 n - 42 stones (quivered)
Armour
 p - a +0 tower shield
Scrolls
 i - a scroll of acquirement {unknown}
 j - a scroll of blinking {unknown}
 k - a scroll of immolation {unknown}
 l - a scroll of vulnerability {unknown}
 m - 2 scrolls of teleportation {unknown}
 o - a scroll of identify {unknown}
 t - a scroll of fear {unknown}
Potions
 d - 4 potions of curing
 f - 2 potions of mutation {unknown}
 g - a potion of brilliance {unknown}
 h - 2 potions of resistance {unknown}
 q - 2 potions of berserk rage {unknown}
 s - a potion of lignification {unknown}


   Skills:
 - Level 5.0 Fighting
 - Level 1.0 Long Blades
 - Level 5.0 Dodging
 - Level 4.0 Stealth
 * Level 2.1 Spellcasting
 + Level 1.4 Translocations


You had 7 spell levels left.
You knew the following spells:

 Your Spells              Type           Power      Damage    Failure   Level
a - Blink                 Tloc           N/A        N/A       17%         2

Your spell library contained the following spells:

 Spells                   Type           Power      Damage    Failure   Level
 Lesser Beckoning         Tloc           6%         N/A       32%         3
 Manifold Assault         Tloc           6%         N/A       97%         5
 Storm Form               Tmut/Air       0%         N/A       100%        7


Dungeon Overview and Level Annotations

Branches:
Dungeon (4/15)
 Temple: D:4-7

Altars:


Innate Abilities, Weirdness & Mutations

You cannot wear most types of armour.
You are amphibious.
You can wear up to eight rings at the same time.
Your skin changes colour to match your surroundings (Stealth+).
Your rubbery body absorbs attacks. (AC +1, EV +1)
((You are camouflaged near water. (Stealth+)))
You have tentacles for arms and can constrict up to eight enemies at once.


Message History

The orc throws a stone.
The stone closely misses you.
You hit the orc. Your grab misses the orc. You squeeze the orc.
You kill the orc!
No target in view!
No target in view!
No target in view!
No target in view!
No target in view!
No target in view!
No target in view!
No target in view!
No target in view!
No target in view!
No target in view!
No target in view!
No target in view!
No target in view!
No target in view!
No target in view!
No target in view!
No target in view!
No target in view!
No target in view!
n - 42 stones (gained 21)
You now have 127 gold pieces (gained 10).
You see here a +0 dagger.
There is an open door here.
There is an open door here.
There is an open door here.
A ball python comes into view.
An ogre comes into view. It is wielding a +0 giant club.
The ogre shouts!
You barely miss the ogre. You squeeze the ogre.
The ogre is lightly wounded.
The ogre hits you with a +0 giant club!!
You slash the ogre!
The ogre is heavily wounded.
The ogre hits you with a +0 giant club!!
Ouch! That really hurt!
You die...

.### .### #. .... #.#
#### #.# #.#
############### #.#
#.............# #.#
#.###.#.#####.#.###
##.###.###.#....@OS.....
..............####.####.
##.###.###.#..# # #
#...##.# #.#..#
#...##### .....#..
.....# #.......
#...######..... #.######
##.## ####.# #.# #.# #.#


You could see an ogre and a ball python.

Vanquished Creatures
  A hound (D:4)
  2 iguanas (D:4)
  A hound zombie (D:3)
  7 adders
  An adder skeleton (D:4)
  2 worms
  2 dart slugs
  7 orcs
  3 bats
  8 endoplasms
  7 giant cockroaches
  5 goblins
  7 hobgoblins
  5 kobolds
  2 quokkas (D:2)
  5 ball pythons
  4 frilled lizards
  4 rats
73 creatures vanquished.

Notes
Turn   | Place    | Note
-------+----------+-------------------------------------------
     0 | D:1      | omnomnOMINOUS the Octopode Wanderer began the quest for the
                  | Orb.
     0 | D:1      | omnomnOMINOUS set off with the following items: a +2
                  | falchion, a +0 shortbow, 23 arrows, a potion of curing, a
                  | +0 dagger
     0 | D:1      | Reached XP level 1. HP: 18/18 MP: 1/1
   233 | D:1      | Reached XP level 2. HP: 24/24 MP: 2/2
  1041 | D:2      | Reached XP level 3. HP: 25/29 MP: 3/3
  1681 | D:2      | Reached XP level 4. HP: 35/35 MP: 4/4
  2419 | D:3      | Learned a level 2 spell: Blink
  2631 | D:3      | Reached XP level 5. HP: 29/39 MP: 5/5
  2993 | D:3      | Reached skill level 5 in Dodging
  3413 | D:4      | Reached skill level 1 in Spellcasting
  3581 | D:4      | Reached skill level 1 in Translocations
  3689 | D:4      | Reached XP level 6. HP: 39/45 MP: 7/9
  3797 | D:4      | Slain by an ogre

Illustrated notes

Levels and vault maps discovered:
D:1:      evilmike_arrival_rings, layout_basic
D:2:      layout_basic
D:3:      minmay_recursive_quarters, layout_basic, grunt_ministairs_10
D:4:      layout_loops_corners, nicolae_overflow_crystal_walls,
          kennysheep_generic_room_11

Skill      XL: |  1  2  3  4  5 |
---------------+----------------+-----
Dodging        | 2 3 4 5 |  5.0
Spellcasting   | 2 |  2.1
Translocations | 1 |  1.4
Fighting       | |  5.0
Long Blades    | |  1.0
Stealth        | |  4.0

Action                   |  1- 3 |  4- 6 || total
-------------------------+-------+-------++-------
Melee: Falchion          |    45 |    96 ||   141
       Constrict         |     9 |    19 ||    28
       Tentacles         |     7 |    19 ||    26
 Stab: Sleeping          |    18 |    10 ||    28
       Distracted        |       |     1 ||     1
Armor: Skin              |     1 |     6 ||     7
Dodge: Dodged            |    17 |    72 ||    89

Table legend: (Time is in decaauts)
 A = Elapsed time spent in this place.
 B = Non-inter-level travel time spent in this place.
 C = Inter-level travel time spent in this place.
 D = Time resting spent in this place.
 E = Time spent auto-exploring this place.
 F = Levels seen in this place.
 G = Mean time per level.
                   A        B        C        D        E       F      G
               +--------+--------+--------+--------+--------+-----+--------+
         Total |   3832 |   3608 |    224 |    206 |   2851 |   4 |  958.0 |
       Dungeon |   3832 |   3608 |    224 |    206 |   2851 |   4 |  958.0 |
               +--------+--------+--------+--------+--------+-----+--------+

Top non-repeatable levels by time:
     D:3: 1280 daAuts
     D:2: 1080 daAuts
     D:1: 1038 daAuts
     D:4: 433 daAuts
